 Dungeon Crawl Stone Soup version 0.28-a0-706-gf6f64a616a (webtiles) character file.

Game seed: 494838588977166482

51 frimble the Firebug (level 3, 0/24 HPs)
             Began as a Demonspawn Fire Elementalist on Oct 25, 2021.
             Slain by a goblin (6 damage)
             ... led by Robin
             ... on level 2 of the Dungeon.
             The game lasted 00:01:44 (1856 turns).

frimble the Firebug (Demonspawn Fire Elementalist)  Turns: 1856, Time: 00:01:45

Health: 0/24       AC:  2    Str:  8    XL:     3   Next: 57%
Magic:  6/6        EV: 12    Int: 17    God:
Gold:   36         SH:  0    Dex: 13    Spells: 5/6 levels left

rFire   . . .      SeeInvis .   b - +0 dagger
rCold   . . .      Faith    .   (no shield)
rNeg    . . .      Spirit   .   a - +0 robe
rPois   .          Reflect  .   (no helmet)
rElec   .          Harm     .   (no cloak)
rCorr   .          Rampage  .   (no gloves)
Will    .....                   (no boots)
Stlth   ++........              (no amulet)
HPRegen 0.08/turn               (no ring)
MPRegen 0.10/turn               (no ring)

@: no status effects
A: hooves 1
a: no special abilities


You were on level 2 of the Dungeon.
You visited 1 branch of the dungeon, and saw 2 of its levels.

You collected 36 gold pieces.

Inventory:

Hand Weapons
 b - a +0 dagger (weapon)
Armour
 a - a +0 robe (worn)
Scrolls
 c - a scroll of teleportation
Potions
 f - a potion of might {unknown}


   Skills:
 - Level 1.7 Dodging
 - Level 1.7 Stealth
 - Level 2.0 Spellcasting
 + Level 2.5 Conjurations
 + Level 3.5 Fire Magic


You had 5 spell levels left.
You knew the following spells:

 Your Spells              Type           Power      Damage    Failure   Level
a - Foxfire               Conj/Fire      48%        2x1d6     5%          1

Your spell library contained the following spells:

 Spells                   Type           Power      Damage    Failure   Level
 Scorch                   Fire           26%        2d6       7%          2
 Conjure Flame            Conj/Fire      12%        6-21      17%         3
 Inner Flame              Hex/Fire       7%         N/A       28%         3
 Flame Wave               Conj/Fire      12%        3d4       50%         4


Dungeon Overview and Level Annotations

Branches:
Dungeon (2/15)

Altars:

Annotations:
D:2 Robin, Terence


Innate Abilities, Weirdness & Mutations

You have large cloven feet.


Message History

Casting: Foxfire (safe; 5% risk of failure)
Confirm with . or Enter, or press ? or * to list all spells.
You conjure some foxfire!
The foxfire hits the goblin.
The goblin is severely wounded.
A hobgoblin comes into view.
The foxfire hits the goblin.
You kill the goblin!
A goblin comes into view. It is wielding a +0 dagger.
A goblin is nearby!
A goblin is nearby!
The goblin shouts!
You hear a shout! x2
A goblin and Robin come into view.
Robin shouts!
A goblin comes into view. It is wielding a +0 dagger.
The goblin moves out of view.
Robin throws the goblin at you! The goblin closely misses you.
Things that are here:
a +0 dagger; 2 gold pieces; a +0 dagger You barely miss the goblin.
The goblin shouts!
Robin throws the goblin at you!
The goblin hits you with a +0 dagger. x2
You are too injured to fight recklessly!
You are too injured to fight recklessly!
You are too injured to fight recklessly!
You are too injured to fight recklessly!
You are too injured to fight recklessly!
You barely miss the goblin. Your kick misses the goblin.
The goblin closely misses you.
Robin roars a battlecry!
The goblins go into a battle-frenzy!
The goblin hits you with a +0 dagger. x2
You hit the goblin.
The goblin is heavily wounded.
The goblin completely misses you.
The goblin hits you with a +0 dagger. x2
* * * LOW HITPOINT WARNING * * *
Okay, then.
Okay, then.
The goblin misses you. The goblin hits you with a +0 dagger.
You die...

..... ... # ...
.#. .g. ....
###.###..#.
#.......... ..
#.#g.)...#
.######.#@g# #
........g)## #.
...###..#g## #.
#.####....+ #.
#......#.##
#.###.##..####
.###....)##.##
........)....## #
.#.##..####...#.##


You could see Robin, a hobgoblin (strong) and 3 goblins.

Vanquished Creatures
  An adder (D:2)
  6 ball pythons
  4 endoplasms (D:1)
  A giant cockroach (D:1)
  6 goblins
  5 hobgoblins
  4 kobolds
  A quokka (D:1)
  3 bats (D:1)
  A frilled lizard (D:1)
  3 rats (D:1)
35 creatures vanquished.

Vanquished Creatures (others)
  71 foxfires
71 creatures vanquished.

Grand Total: 106 creatures vanquished

Notes
Turn   | Place    | Note
-------+----------+-------------------------------------------
     0 | D:1      | frimble the Demonspawn Fire Elementalist began the quest
                  | for the Orb.
     0 | D:1      | Reached XP level 1. HP: 13/13 MP: 3/3
   196 | D:1      | Reached skill level 3 in Fire Magic
   211 | D:1      | Gained mutation: You have large cloven feet. [demonic
                  | ancestry]
   211 | D:1      | Reached XP level 2. HP: 11/19 MP: 0/5
   687 | D:1      | Found a faded altar of an unknown god.
  1099 | D:1      | Reached XP level 3. HP: 24/24 MP: 6/6
  1520 | D:2      | Noticed Terence
  1851 | D:2      | Noticed Robin
  1856 | D:2      | Slain by a goblin

Illustrated notes

Levels and vault maps discovered:
D:1:      minmay_arrival_floating_metal, layout_basic, serial_corexii_hall,
          chequers_hall_statues_y, chequers_hall_statues_wall_a,
          basic_ecumenical_altar
D:2:      layout_loops_ring, minmay_fractal_squares_gapless_5,
          uniq_crazy_yiuf_cottage, uniq_robin, uniq_terence

Skill      XL: |  1  2 |
---------------+-------+-----
Fire Magic     | 3 |  3.5
Conjurations   | 2 |  2.5
Dodging        | |  1.7
Stealth        | |  1.7
Spellcasting   | |  2.0

Action                   || total
-------------------------++-------
Melee: Unarmed           ||    11
       Dagger            ||    37
       Kick              ||     6
 Cast: Foxfire           ||    42
  Use: Scroll            ||     4
 Stab: Sleeping          ||     3
Armor: Robe              ||    12
Dodge: Dodged            ||    34

Table legend: (Time is in decaauts)
 A = Elapsed time spent in this place.
 B = Non-inter-level travel time spent in this place.
 C = Inter-level travel time spent in this place.
 D = Time resting spent in this place.
 E = Time spent auto-exploring this place.
 F = Levels seen in this place.
 G = Mean time per level.
                   A        B        C        D        E       F      G
               +--------+--------+--------+--------+--------+-----+--------+
         Total |   1877 |   1822 |     55 |      0 |   1562 |   2 |  938.5 |
       Dungeon |   1877 |   1822 |     55 |      0 |   1562 |   2 |  938.5 |
               +--------+--------+--------+--------+--------+-----+--------+

Top non-repeatable levels by time:
     D:1: 1716 daAuts
     D:2: 160 daAuts
